 Dungeon Crawl Stone Soup version 0.28.0-43-g3370ac3207 (webtiles) character file.

Game seed: 10130695685963138567

45 cmymind4 the Ogre Mage (level 3, -4/32 HPs)
             Began as an Ogre Hedge Wizard on Mar 22, 2022.
             Succumbed to a kobold's poison
             ... on level 2 of the Dungeon.
             The game lasted 00:13:38 (1834 turns).

cmymind4 the Ogre Mage (Ogre Hedge Wizard)          Turns: 1834, Time: 00:13:38

Health: -4/32      AC: 10    Str: 14    XL:     3   Next: 64%
Magic:  7/8        EV: 10    Int: 15    God:
Gold:   34         SH:  0    Dex: 10    Spells: 9/10 levels left

rFire   . . .      SeeInvis .   h - +1 rapier (protect)
rCold   . . .      Faith    .   (no shield)
rNeg    . . .      Spirit   .   b - +0 robe
rPois   .          Reflect  .   c - +0 hat
rElec   .          Harm     .   (no cloak)
rCorr   .          Rampage  .   (gloves unavailable)
Will    .....                   (boots unavailable)
Stlth   ++........              (no amulet)
HPRegen 0.10/turn               (no ring)
MPRegen 0.11/turn               (no ring)

@: lethally poisoned (-4 -> -33), under a protective aura
A: large, unfitting armour, tough skin 1
a: no special abilities


You were on level 2 of the Dungeon.
You visited 1 branch of the dungeon, and saw 2 of its levels.

You collected 34 gold pieces.

Inventory:

Hand Weapons
 a - a +0 dagger
 d - a +0 hand axe
 f - a +0 short sword
 h - a +1 rapier of protection (weapon)
 l - a +1 vorpal hand axe
Armour
 b - a +0 robe (worn)
 c - a +0 hat (worn)
Scrolls
 i - a scroll of teleportation {unknown}
 j - a scroll of magic mapping {unknown}
 n - a scroll of identify {unknown}
Potions
 e - a potion of cancellation
 g - a potion of invisibility {unknown}
 k - a potion of attraction {unknown}


   Skills:
 + Level 0.8 Fighting
 + Level 0.7 Short Blades
 + Level 0.6 Axes
 + Level 2.1 Dodging
 + Level 1.4 Stealth
 + Level 4.3 Spellcasting
 + Level 1.2 Conjurations
 + Level 0.8 Summonings
 + Level 0.8 Translocations


You had 9 spell levels left.
You knew the following spells:

 Your Spells              Type           Power      Damage    Failure   Level
a - Magic Dart            Conj           28%        1d4       11%         1

Your spell library contained the following spells:

 Spells                   Type           Power      Damage    Failure   Level
 Slow                     Hex            12%        N/A       19%         1
 Blink                    Tloc           10%        N/A       19%         2
 Call Imp                 Summ           5%         N/A       19%         2
 Conjure Flame            Conj/Fire      5%         6-21      38%         3
 Mephitic Cloud           Conj/Pois/Air  4%         N/A       41%         3
 Tukima's Dance           Hex            3%         N/A       47%         3
 Passage of Golubria      Tloc           5%         N/A       77%         4
 Yara's Violent Unravell  Hex/Tmut       1%         3d3       99%         5


Dungeon Overview and Level Annotations

Branches:
Dungeon (2/15)

Altars:

Shops:
D:2 *


Innate Abilities, Weirdness & Mutations

You are too large for most types of armour.
You have tough skin. (AC +1)


Message History

You see here a quokka corpse.
Found a puce potion.
A kobold comes into view. It is wielding a +2 dagger of venom.
The kobold shouts!
A worm comes into view.
A rat comes into view.
You barely miss the kobold. The kobold barely misses you.
Casting: Magic Dart (safe; 11% risk of failure)
Confirm with . or Enter, or press ? or * to list all spells.
Aiming: Magic Dart (safe; 11% risk of failure)
Press: ? - help, Shift-Dir - straight line, f - kobold
Aim: a kobold, wielding a +2 dagger of venom (100% to hit)
The magic dart hits the kobold.
The kobold is severely wounded.
The kobold hits you with a +2 dagger of venom.
You are poisoned.
You barely miss the kobold.
The kobold is severely wounded.
You feel very sick.
The kobold hits you with a +2 dagger of venom.
You are more poisoned.
You closely miss the kobold.
The kobold is moderately wounded.
You feel very sick.
The kobold hits you with a +2 dagger of venom.
You are lethally poisoned!
You closely miss the kobold.
The kobold is moderately wounded.
You feel very sick. The kobold closely misses you. x2
You hit the kobold.
Your weapon exudes an aura of protection.
The kobold is severely wounded.
* * * LOW HITPOINT WARNING * * *
You feel very sick. The worm bites you but does no damage.
The kobold hits you with a +2 dagger of venom.
* * * LOW HITPOINT WARNING * * *
You are more poisoned.
You die...

### ..# #.# # #.#
.####.####### #.#
.....rK.@...#######.#####
#.###.w..................
#.############.##.### #.
#†##.# # #.##.###
#....... ####.### ....
..###


You could see a worm, a kobold and a rat.

Vanquished Creatures
  An adder (D:2)
  A worm (D:2)
  6 ball pythons
  3 bats
  An endoplasm (D:2)
  4 goblins
  3 hobgoblins (D:1)
  3 kobolds
  4 quokkas
  2 frilled lizards
  3 rats
31 creatures vanquished.

Vanquished Creatures (others)
  A plant (D:1)
1 creature vanquished.

Grand Total: 32 creatures vanquished

Notes
Turn   | Place    | Note
-------+----------+-------------------------------------------
     0 | D:1      | cmymind4 the Ogre Hedge Wizard began the quest for the Orb.
     0 | D:1      | Reached XP level 1. HP: 16/16 MP: 5/5
    73 | D:1      | Reached skill level 1 in Conjurations
   133 | D:1      | Reached XP level 2. HP: 20/26 MP: 0/6
   135 | D:1      | Reached skill level 4 in Spellcasting
   974 | D:2      | Found Fyxzad's Assorted Antiques.
  1028 | D:2      | Reached XP level 3. HP: 28/32 MP: 4/8
  1834 | D:2      | Succumbed to a kobold's poison

Illustrated notes

Levels and vault maps discovered:
D:1:      lightli_arrival_windingriver, layout_basic
D:2:      layout_loops_ring, serial_shops, nicolae_shop_waterfront

Skill      XL: |  1  2 |
---------------+-------+-----
Conjurations   | 1 |  1.2
Spellcasting   | 4 |  4.3
Dodging        | 2 |  2.1
Fighting       | |  0.8
Short Blades   | |  0.7
Axes           | |  0.6
Stealth        | |  1.4
Summonings     | |  0.8
Translocations | |  0.8

Action                   || total
-------------------------++-------
Melee: Hand axe          ||    39
       Dagger            ||     8
       Rapier            ||    52
 Cast: Magic Dart        ||    27
  Use: Potion            ||     1
 Stab: Sleeping          ||     1
Armor: Robe              ||    30
Dodge: Dodged            ||    46
